 Dungeon Crawl Stone Soup version 0.28.0-53-g5a82cb258f (webtiles) character file.

Game seed: 8064610519585147030

57721 unlimited1921 the Eclecticist (level 15, -52/90 HPs)
             Began as a Djinni Fire Elementalist on June 28, 2022.
             Was an Initiate of Gozag.
             Killed from afar by an ice dragon (88 damage)
             ... with a blast of cold
             ... on level 1 of the Depths on June 30, 2022.
             The game lasted 03:42:58 (52498 turns).

unlimited1921 the Eclecticist (DjFE)               Turns: 52498, Time: 03:43:07

Health: -52/90     AC: 17    Str:  7    XL:     15   Next: 27%
Gold:   275        EV:  5    Int: 28    God:    Gozag SH: 29 Dex: 15

rFire   + + .      SeeInvis .   c - +4 war axe (freeze)
rCold   x . .      Faith    .   k - +10 tower shield of Ignorance {rN+ Int-4}
rNeg    + + .      Spirit   .   C - +1 scale mail {rN+}
rPois   ∞          Reflect  +   f - +2 hat {Int+3}
rElec   .          Harm     .   m - +2 cloak {Will+}
rCorr   +          Rampage  .   M - +2 pair of gloves
Will    +++..                   (boots unavailable)
Stlth   ++........              o - amulet of reflection
HPRegen 0.25/turn               p - ring of Zahikkom {Will+ rCorr}
MPRegen 0.00/turn               S - +6 ring of intelligence

@: flying
A: sickness immunity, fire resistance 2, cold vulnerability 1, float, innate
caster, HP casting, extra vitality 1
a: Renounce Religion, Potion Petition, Call Merchant, Bribe Branch


You were on level 1 of the Depths.
You worshipped Gozag.
Gozag was aware of your devotion.
You visited 6 branches of the dungeon, and saw 24 of its levels.
You also visited: Ossuary.

You collected 4506 gold pieces.
You spent 3518 gold pieces at shops.
You paid 713 gold pieces to Gozag.

Inventory:

Hand Weapons
 c - a +4 war axe of freezing (weapon)
 n - a +2 vorpal war axe
 X - a +2 vorpal long sword
 Y - a +0 fustibalus
Missiles
 b - 9 boomerangs
 e - 192 bolts
 h - 410 stones
 j - 27 poisoned darts
 w - 4 datura-tipped darts
 B - 3 atropa-tipped darts
 P - 3 throwing nets
 T - 2 curare-tipped darts
 U - 4 javelins
Armour
 f - a +2 hat of intelligence (worn)
 g - a scarf of resistance
 k - the +10 tower shield of Ignorance (worn) {rN+ Int-4}
   (You bought it in a shop on level 2 of the Lair of Beasts)

   Int:       It affects your intelligence (-4).
   rN:        It protects you from negative energy.
 m - a +2 cloak of willpower (worn)
 C - a +1 scale mail of positive energy (worn)
 M - a +2 pair of gloves (worn)
Jewellery
 o - an amulet of reflection (around neck)
 p - the ring of Zahikkom (left hand) {Will+ rCorr}
   (You found it on level 2 of the Lair of Beasts)

   [ring of resist corrosion]

   rCorr:     It protects you from acid and corrosion.
   Will:      It increases your willpower.
 y - a +4 ring of slaying
 N - a +4 ring of protection
 S - a +6 ring of intelligence (right hand)
Wands
 a - a wand of acid (8) (quivered)
 u - a wand of iceblast (10)
 z - a wand of digging (5)
 E - a wand of charming (4)
 K - a wand of paralysis (8)
Scrolls
 d - 3 scrolls of magic mapping
 q - 4 scrolls of immolation
 s - 4 scrolls of enchant weapon
 t - a scroll of enchant armour
 A - a scroll of brand weapon
 D - a scroll of fear
 H - a scroll of holy word
 Q - 3 scrolls of fog
 R - a scroll of summoning
 V - a scroll of blinking
Potions
 i - 2 potions of ambrosia
 l - 5 potions of curing
 r - a potion of berserk rage
 v - 2 potions of lignification
 x - 2 potions of mutation {unknown}
 F - a potion of heal wounds
 G - 2 potions of brilliance
 J - a potion of might
 L - 2 potions of cancellation
 O - 2 potions of haste
 W - 2 potions of invisibility
Miscellaneous
 I - a box of beasts
 Z - a piece from Xom's chessboard (15/15)


   Skills:
 + Level 2.4 Fighting
 + Level 2.1(2.6) Slings
 + Level 2.2(2.6) Throwing
 + Level 8.0 Armour
 + Level 5.7 Dodging
 + Level 5.2 Stealth
 * Level 5.1 Shields
 + Level 1.4 Unarmed Combat
 * Level 17.0 Spellcasting
 + Level 2.9 Evocations


You had 11 spell levels left.
You knew the following spells:

 Your Spells              Type           Power      Damage    Failure   Level
a - Foxfire               Conj/Fire      100%       2x1d9     1%          1
b - Scorch                Fire           100%       2d10      1%          2
c - Conjure Flame         Conj/Fire      88%        6-21      1%          3
d - Inner Flame           Hex/Fire       88%        N/A       1%          3
e - Flame Wave            Conj/Fire      88%        2d15      1%          4
f - Sandblast             Erth           100%       2d20      1%          1
g - Blink                 Tloc           100%       N/A       1%          2
h - Corpse Rot            Necr/Air       100%       N/A       1%          2
i - Leda's Liquefaction   Hex/Erth       44%        N/A       1%          4
j - Dispel Undead         Necr           88%        3d28      1%          4
k - Blade Hands           Tmut           44%        N/A       4%          5
l - Iron Shot             Conj/Erth      44%        9d9       24%         6
Your spell library was empty.

Dungeon Overview and Level Annotations

Branches:
Dungeon (15/15)            Temple (1/1) D:4            Lair (5/6) D:11
  Swamp (1/4) Lair:2        Snake (1/4) Lair:4          Orc (0/2) D:9
 Vaults (0/5) D:14         Depths (1/4) D:15        Ossuary (visited)
  Slime: Lair:5-6

Altars:
Ashenzari
Cheibriados
Dithmenos
Elyvilon
Fedhas
Gozag
Hepliaklqana
Kikubaaqudgha
Makhleb
Nemelex Xobeh
Okawaru
Qazlal
Ru
Sif Muna
Trog
Uskayaw
Vehumet
Wu Jian
Xom
Yredelemnul
Zin
The Shining One
Beogh
Jiyva

Shops:
D:8 :   D:10 *   D:12 ?   Lair:2 [   Depths:1 :=:

Annotations:
D:15 3 runed translucent doors, Jiecrehi's ghost, journeyman DDFi
Lair:5 Rupert


Innate Abilities, Weirdness & Mutations

You are immune to sickness and miasma.
You are immune to poison.
Your flesh is very heat resistant. (rF++)
You are vulnerable to cold. (rC-)
You float through the air rather than walking.
You learn spells naturally, not from books.
Your magical power is your life essence.
You have superior vitality. (+4 MHP)


Message History

Confirm with . or Enter, or press ? or * to list all spells.
Aiming: Inner Flame (safe; 1% risk of failure)
Press: ? - help, Dir - move target, f - ice dragon
Aim: an ice dragon (chance to affect: 94%)
The ice dragon is filled with an intense inner flame!
You block the ice dragon's attack.
The ice dragon claws you but does no damage.
You block the ice dragon's attack.
Casting: Inner Flame (safe; 1% risk of failure)
Confirm with . or Enter, or press ? or * to list all spells.
Flames lash the ice dragon.
The ice dragon is burned terribly!
Flame seeps out of the ice dragon.
The ice dragon is lightly wounded.
The ice dragon's fire resistance burns away.
A flayed ghost comes into view.
The ice dragon is engulfed in blazing flames.
Flame seeps out of the ice dragon.
You block the ice dragon's attack. x3
The ice dragon is engulfed in blazing flames.
Flame seeps out of the ice dragon.
Press: ? - help, v - describe, . - travel The floor.
Casting: Scorch (safe; 1% risk of failure)
Confirm with . or Enter, or press ? or * to list all spells.
Flames lash the ice dragon.
The ice dragon is burned terribly!
Flame seeps out of the ice dragon.
The ice dragon is heavily wounded.
The ice dragon is engulfed in blazing flames.
Flame seeps out of the ice dragon.
The ice dragon bites you.
The ice dragon claws you but does no damage.
The ice dragon tramples you.
You are shoved backwards!
The ice dragon breathes frost at you. The blast of cold hits you!!!
You feel a terrible chill!
Casting: Scorch (safe; 1% risk of failure)
Confirm with . or Enter, or press ? or * to list all spells.
Flames lash the ice dragon but do no damage.
The ice dragon breathes frost at you. The blast of cold hits you!!!!
You feel a terrible chill!
Ouch! That really hurt!
You die...
Your body crumbles into a pile of gold.

........# .. ....W..#
#.##......+ .........#
#......# #'### #. ####
#...####
#...##..######.#....#
#.......@.D°(..##.#
#####'###########.#
#.....# ♣♣♣♣∩♣♣♣♣
#.....# ♣PP...PP♣
#.....#####♣P..⌠..P♣
#.....##..#♣.∩...∩.♣
#.....##.##♣♣..∩..♣♣
#.....'..###♣♣P.P♣♣
######.....##...##♣♣♣♣♣


You could see an ice dragon (inner flame, catching breath, combustible).

Vanquished Creatures
  A fire giant (D:15)
  The ghost of DocClef the Warrior, a journeyman MfGl of Okawaru (Lair:2)
  Harold (D:11)
  7 hydras
  5 boulder beetles
  2 ogre magi
  4 centaur warriors
  9 two-headed ogres
  3 tengu warriors (D:14)
  A death knight (D:15)
  The ghost of Sin92 the Fighter, a novice DsFi (D:8)
  A naga sharpshooter (Snake:1)
  A shock serpent (Snake:1)
  A skeletal warrior (D:15)
  An iron troll (D:14)
  A necromancer (D:14)
  A lindwurm (Lair:4)
  Pikel (D:7)
  An orc knight (D:14)
  3 deep elf pyromancers
  An orc sorcerer (D:14)
  4 ugly things
  An oklob plant (Lair:1)
  A salamander (shapeshifter) (D:12)
  3 cyclopes
  4 manticores
  An elephant (Lair:2)
  2 black mambas
  A naga mage (Snake:1)
  8 cane toads
  2 unseen horrors (D:12)
  5 rime drakes
  4 komodo dragons
  A freezing wraith (D:15)
  A tengu conjurer (Depths:1)
  5 trolls
  6 polar bears
  10 blink frogs
  Grinder (D:3)
  3 slime creatures (D:8)
  A centaur simulacrum (D:15)
  A vampire (D:13)
  2 shadows
  4 wraiths
  2 wyverns
  16 yaks
  11 vampire mosquitoes
  A steam dragon (D:4)
  4 basilisks
  4 acid dragons
  7 water moccasins
  5 nagas
  2 ice beasts
  11 black bears
  2 necrophages
  6 orc warriors
  A sky beast (D:8)
  A hornet zombie (D:6)
  4 ogres
  9 wolves
  8 centaurs
  4 lemures (D:7)
  4 kobold brigands
  12 bullfrogs
  4 scorpions
  A wyvern skeleton (D:7)
  A water moccasin zombie (D:5)
  A hornet simulacrum (D:15)
  6 wights
  An electric eel (Lair:1)
  2 howler monkeys
  4 centaur zombies
  A hound (D:4)
  4 jellies
  4 orc priests
  2 gnoll shamans (D:7)
  Ijyb (D:3)
  4 centaur skeletons
  5 orc wizards
  An iguana (D:6)
  2 hell rats (Lair:3)
  2 mummies (Ossuary)
  A howler monkey zombie (D:9)
  5 gnolls (D:7)
  5 adders
  9 river rats (Lair:3)
  12 white imps
  2 ufetubi
  2 adder skeletons (D:4)
  A worm (D:2)
  4 dart slugs
  24 orcs
  7 ball pythons
  7 endoplasms
  5 giant cockroaches
  4 goblins
  5 hobgoblins
  3 jackals (D:2)
  A quokka (D:2)
  6 bats
  5 frilled lizards
  4 goblin zombies (Ossuary)
  5 hobgoblin zombies (Ossuary)
  14 kobolds
  5 orc zombies (Ossuary)
  4 rats
  A spectral orc (D:10)
  2 bushes (Lair:1)
421 creatures vanquished.

Vanquished Creatures (collateral kills)
  28 foxfires
28 creatures vanquished.

Vanquished Creatures (others)
  1040 foxfires
  33 fungi
  57 plants
1130 creatures vanquished.

Grand Total: 1579 creatures vanquished

Notes
Turn   | Place    | Note
-------+----------+-------------------------------------------
     0 | D:1      | unlimited1921 the Djinni Fire Elementalist began the quest
                  | for the Orb.
     0 | D:1      | Reached XP level 1. HP: 15/15 MP: 0/0
   661 | D:1      | Reached XP level 2. HP: 19/21 MP: 0/0
  2053 | D:1      | Found a faded altar of an unknown god.
  2238 | D:1      | Reached XP level 3. HP: 22/25 MP: 0/0
  2238 | D:1      | Learned a level 1 spell: Sandblast
  2601 | D:1      | Reached skill level 3 in Spellcasting
  3865 | D:2      | Reached XP level 4. HP: 29/31 MP: 0/0
  5171 | D:3      | Found a burning altar of Makhleb.
  5385 | D:3      | Noticed Ijyb
  5396 | D:3      | Killed Ijyb
  5397 | D:3      | Reached XP level 5. HP: 17/35 MP: 0/0
  5397 | D:3      | Learned a level 2 spell: Blink
  6149 | D:3      | Noticed Grinder
  6153 | D:3      | Killed Grinder
  6154 | D:3      | Reached skill level 1 in Armour
  6154 | D:3      | Reached skill level 4 in Spellcasting
  6154 | D:3      | Reached XP level 6. HP: 31/40 MP: 0/0
  6806 | D:4      | Noticed a steam dragon
  6811 | D:4      | Killed a steam dragon
  6812 | D:4      | Reached skill level 5 in Spellcasting
  6812 | D:4      | Reached XP level 7. HP: 35/45 MP: 0/0
  6812 | D:4      | Learned a level 2 spell: Corpse Rot
  7094 | D:4      | Found a staircase to the Ecumenical Temple.
  7148 | Temple   | Entered the Ecumenical Temple
  7166 | Temple   | Became a worshipper of Gozag Ym Sagoz the Greedy
  8925 | D:4      | Found a glowing golden altar of the Shining One.
  8930 | D:4      | Reached XP level 8. HP: 44/50 MP: 0/0
  9248 | D:5      | Entered Level 5 of the Dungeon
  9256 | D:5      | Reached skill level 6 in Spellcasting
  9432 | D:5      | Found a blossoming altar of Fedhas.
  9643 | D:5      | Found an iron altar of Okawaru.
 10960 | D:6      | Reached skill level 7 in Spellcasting
 10960 | D:6      | Reached XP level 9. HP: 39/55 MP: 0/0
 10960 | D:6      | Learned a level 4 spell: Leda's Liquefaction
 11068 | D:6      | Found a bloodstained altar of Trog.
 11330 | D:6      | Reached skill level 8 in Spellcasting
 11854 | D:6      | Found an ornate altar of the Wu Jian Council.
 11945 | D:6      | Found a shimmering altar of Xom.
 12018 | D:6      | Found a white marble altar of Elyvilon.
 13056 | D:7      | Noticed Pikel
 13063 | D:7      | Killed Pikel
 13064 | D:7      | Reached skill level 9 in Spellcasting
 13085 | D:7      | Reached XP level 10. HP: 31/61 MP: 0/0
 13988 | D:7      | Found a shadowy altar of Dithmenos.
 14029 | D:7      | Found Leqoemoi's Antique Armour Shop.
 14547 | D:8      | Found a flagged portal.
 14590 | D:8      | Found Nousekkikunt's Book Emporium.
 14592 | D:8      | Found a runed translucent gate.
 14592 | D:8      | Found a runed translucent gate.
 14593 | D:8      | Found a runed translucent gate.
 14595 | D:8      | Noticed Sin92's ghost (novice DsFi)
 14604 | D:8      | Found a sand-covered staircase.
 14610 | Ossuary  | Entered an ossuary
 14630 | Ossuary  | Reached skill level 1 in Fighting
 15289 | D:8      | Reached skill level 10 in Spellcasting
 16593 | D:8      | Found a viscous altar of Jiyva.
 16876 | D:9      | Reached skill level 11 in Spellcasting
 16876 | D:9      | Reached XP level 11. HP: 36/67 MP: 0/0
 16876 | D:9      | Learned a level 4 spell: Dispel Undead
 17089 | D:9      | Found a sacrificial altar of Ru.
 17189 | D:9      | Found a staircase to the Orcish Mines.
 18176 | D:10     | Entered Level 10 of the Dungeon
 18351 | D:10     | Noticed a two-headed ogre
 18371 | D:9      | Killed a two-headed ogre
 18372 | D:9      | Reached skill level 12 in Spellcasting
 18995 | D:10     | Found a basalt altar of Yredelemnul.
 19052 | D:10     | Found Zoiwuydgh's Overcharged Wands.
 19099 | D:10     | Bought a wand of acid (25) for 986 gold pieces
 19301 | D:11     | Noticed a cyclops
 19307 | D:11     | Killed a cyclops
 19307 | D:11     | Noticed a two-headed ogre
 19799 | D:11     | Noticed Harold
 20722 | D:11     | Found a staircase to the Lair.
 20806 | D:11     | Noticed a cyclops
 20816 | D:11     | Killed a cyclops
 20817 | D:11     | Reached XP level 12. HP: 62/73 MP: 0/0
 20853 | D:11     | Killed Harold
 20854 | D:11     | Reached skill level 13 in Spellcasting
 21195 | Lair:1   | Entered Level 1 of the Lair of Beasts
 21792 | Lair:1   | Reached skill level 5 in Armour
 22436 | Lair:1   | Reached skill level 5 in Stealth
 22564 | Lair:1   | Noticed a four-headed hydra
 22575 | Lair:1   | Killed a four-headed hydra
 25626 | Lair:2   | Found a runed translucent door.
 25627 | Lair:2   | Noticed DocClef's ghost (journeyman MfGl)
 25660 | Lair:2   | Noticed a six-headed hydra
 25667 | Lair:2   | Killed a six-headed hydra
 25668 | Lair:2   | Reached skill level 1 in Slings
 25668 | Lair:2   | Reached skill level 1 in Evocations
 25694 | Lair:2   | Reached skill level 1 in Throwing
 26162 | Lair:2   | Noticed a boulder beetle
 26232 | Lair:2   | HP: 3/74 [boulder beetle (51)]
 26238 | Lair:2   | Killed a boulder beetle
 26985 | Lair:2   | Reached skill level 14 in Spellcasting
 27142 | Lair:2   | Reached XP level 13. HP: 73/78 MP: 0/0
 27142 | Lair:2   | Learned a level 5 spell: Blade Hands
 27503 | Lair:2   | Found a staircase to the Swamp.
 27516 | Lair:2   | HP: 3/78 [vampire mosquito (9)]
 27963 | Lair:2   | Reached skill level 1 in Unarmed Combat
 28381 | Swamp:1  | Entered Level 1 of the Swamp
 34195 | Lair:4   | Found a staircase to the Snake Pit.
 34371 | Lair:4   | Noticed a boulder beetle
 34383 | Lair:4   | Killed a boulder beetle
 34384 | Lair:4   | Reached skill level 5 in Dodging
 34757 | Snake:1  | Entered Level 1 of the Snake Pit
 34828 | Snake:1  | HP: 4/80 [something (9)]
 35556 | Snake:1  | Noticed a naga warrior
 35728 | Lair:2   | Bought the +10 tower shield of Ignorance {rN+ Int-4} for
                  | 1432 gold pieces
 35728 | Lair:2   | Found the +10 tower shield of Ignorance {rN+ Int-4}
 35838 | Lair:2   | Identified the ring of Zahikkom {Will+ rCorr}
 35868 | Lair:2   | Killed DocClef's ghost
 36540 | Lair:5   | Noticed Rupert
 36870 | Lair:5   | Noticed a five-headed hydra
 36877 | Lair:5   | Killed a five-headed hydra
 36878 | Lair:5   | Reached skill level 1 in Shields
 37150 | Lair:5   | Noticed a seven-headed hydra
 37155 | Lair:5   | Killed a seven-headed hydra
 37156 | Lair:5   | Reached skill level 15 in Spellcasting
 38053 | Lair:1   | Got Ustrirri's Handbook of Displaced Weightlessness
 38308 | D:8      | Killed Sin92's ghost
 39076 | Lair:2   | Bought a runed scarf for 200 gold pieces
 39163 | D:12     | Noticed a boulder beetle
 39180 | D:12     | Killed a boulder beetle
 39181 | D:12     | Reached XP level 14. HP: 73/85 MP: 0/0
 41163 | D:12     | Found Vuackess's Magic Scroll Shop.
 41515 | D:12     | Bought a scroll of identify for 28 gold pieces
 41515 | D:12     | Bought a scroll of summoning for 133 gold pieces
 41515 | D:12     | Bought a scroll of magic mapping for 49 gold pieces
 44934 | D:13     | Reached skill level 16 in Spellcasting
 46451 | D:14     | Found a sacrificial altar of Ru.
 47151 | D:14     | You are sucked into a shaft and drop 1 floor!
 47151 | D:15     | Entered Level 15 of the Dungeon
 48304 | D:15     | Found a staircase to the Depths.
 48304 | D:15     | Noticed a fire giant
 48317 | D:15     | Reached XP level 15. HP: 42/90 MP: 0/0
 48317 | D:15     | Learned a level 6 spell: Iron Shot
 48776 | D:15     | Killed a fire giant
 48939 | D:15     | Found a runed translucent gate.
 48941 | D:15     | Found a runed translucent gate.
 48942 | D:15     | Found a runed translucent gate.
 49382 | D:15     | Noticed Jiecrehi's ghost (journeyman DDFi)
 49468 | D:15     | Found a broken altar of Ashenzari.
 49691 | D:15     | Found an ornate altar of the Wu Jian Council.
 49691 | D:15     | Found a blossoming altar of Fedhas.
 49693 | D:15     | Found an opulent altar of Gozag.
 49693 | D:15     | Found a broken altar of Ashenzari.
 49693 | D:15     | Found a shimmering altar of Xom.
 50359 | D:14     | Reached skill level 5 in Shields
 51559 | D:14     | Reached skill level 17 in Spellcasting
 51895 | D:14     | Found a gate to the Vaults.
 52055 | Depths:1 | Entered Level 1 of the Depths
 52437 | Depths:1 | Found Tuhufe Toexi's Book Emporium.
 52437 | Depths:1 | Found Royrr's Jewellery Boutique.
 52439 | Depths:1 | Found Cair's Book Emporium.
 52456 | Depths:1 | Bought an amulet of reflection for 690 gold pieces
 52498 | Depths:1 | Killed from afar by an ice dragon

Illustrated notes

Levels and vault maps discovered:
D:1:      pf_arrival_petrified_forest, layout_loops_ring,
          shapermc_ecumenical_altar_mp_ritualfount, minmay_liquid_box
D:2:      layout_basic
D:3:      layout_basic, mainiacjoe_overflow_brackets, uniq_ijyb, uniq_grinder
D:4:      layout_basic, mainiacjoe_overflow_surrounded_room,
          minmay_temple_entry_overgrown, serial_curves, eino_curves_02,
          eino_curves_02
D:5:      layout_basic, lemuel_round_altar, fedhas_ov_isle_minmay
D:6:      layout_basic, old_standard_altar, trog_antimagical,
          mainiacjoe_overflow_swirl
D:7:      layout_basic, marbit_many_paths, kennysheep_windowed_goal, uniq_pikel
D:8:      layout_layer_cave, nicolae_kikubaaqudgha_miasma_corner,
          vehumet_altar_wand_db, lightli_ossuary_entry_decrepit_ruins,
          enter_bailey_2, gammafunk_ghost_ooze, serial_shops, shop
D:9:      layout_roguey, old_standard_altar, minmay_orc_entry_temple_small,
          minmay_misc_feat_ornament
D:10:     layout_rooms, yredelemnul_forgotten_temple_becter,
          minmay_misc_feat_encased, nicolae_shop_overcharged_wands
D:11:     layout_small_grid, grunt_lair_entry_orc_guard_hut, uniq_harold
D:12:     layout_cave_pools, portal_ice_cave_entry_imps, serial_shops,
          nicolae_shop_waterfront
D:13:     layout_roguey
D:14:     layout_layer_cave, david_vaults_4, old_standard_altar,
          small_statue_alley_a
D:15:     grunt_enter_depths_giant_problem, layout_loops_ring,
          maelrawn_ghost_gauntlet_escape, doesnt_xom_only_xom
Temple:   compressed_dpeg_triangle_lava_temple
Lair:1:   layout_regular_city, minmay_lair_oklob_bushes, serial_bayou_shore_a
Lair:2:   beast_lair_carwin_large_3, layout_chaotic_city,
          minmay_swamp_entry_swarm, ebering_ghost_inner_flame,
          grunt_megastairs_3
Lair:3:   layout_layer_cave, kennysheep_rathole
Lair:4:   layout_misc_corridors, minmay_snake_entry_guardpost_small
Lair:5:   layout_gridlike, dpeg_slime_entry_enclosed_altar,
          hangedman_tree_tricks, grunt_megastairs_5, uniq_rupert
Swamp:1:  layout_basic_swamp, evilmike_swamp_ruin_house_5
Snake:1:  layout_honeycomb, serial_shops, nicolae_shop_statue_plus,
          minmay_snake_pond
Depths:1: layout_gridlike, elyvilon_altar_3, hangedman_coc_ice_floe,
          grunt_ministairs_13, lightli_giant_bouncers, serial_bayou_shore_b,
          minmay_shop_grove

Skill      XL: |  1  2  3  4  5  6  7  8  9 10 11 12 13 14 15 |
---------------+----------------------------------------------+-----
Spellcasting   | 3 4 5 7 9 11 12 14 15 16 17 | 17.0
Stealth        | 2 3 4 5 |  5.2
Armour         | 1 2 3 4 5 7 8 |  8.0
Dodging        | 3 4 5 |  5.7
Fighting       | 1 2 |  2.4
Slings         | 2 |  2.1
Evocations     | 1 2 |  2.9
Throwing       | 1 2 |  2.2
Unarmed Combat | 1 |  1.4
Shields        | 3 4 5 |  5.1

Action                   |  1- 3 |  4- 6 |  7- 9 | 10-12 | 13-15 || total
-------------------------+-------+-------+-------+-------+-------++-------
Melee: Short sword       |     6 |       |     8 |       |     4 ||    18
       War axe           |       |       |       |     3 |    81 ||    84
       Unarmed           |       |       |       |       |    42 ||    42
       Punch             |       |       |       |       |     3 ||     3
 Fire: Fustibalus        |       |       |       |    20 |       ||    20
Throw: Boomerang         |       |       |     1 |    10 |       ||    11
       Dart              |       |       |       |    12 |    22 ||    34
 Cast: Foxfire           |    70 |    30 |    81 |   247 |   236 ||   664
       Inner Flame       |     1 |     6 |    40 |    99 |   116 ||   262
       Scorch            |     1 |    10 |    36 |    76 |   138 ||   261
       Sandblast         |     1 |       |     4 |    13 |    47 ||    65
       Leda's Liquefacti |       |       |     1 |     7 |     4 ||    12
       Flame Wave        |       |       |       |     2 |     9 ||    11
       Blink             |       |       |       |     1 |     3 ||     4
       Blade Hands       |       |       |       |       |     9 ||     9
       Conjure Flame     |       |       |       |       |     5 ||     5
       Iron Shot         |       |       |       |       |     8 ||     8
Invok: Call Merchant     |       |       |       |       |     1 ||     1
Evoke: Wand              |       |       |       |    32 |    54 ||    86
  Use: Scroll            |       |       |       |     9 |    21 ||    30
       Potion            |       |       |       |     2 |    14 ||    16
Armor: Robe              |     5 |     4 |       |       |       ||     9
       Leather armour    |       |       |     6 |    16 |       ||    22
       Scale mail        |       |       |       |     3 |   103 ||   106
Dodge: Dodged            |     9 |     4 |    17 |    41 |    63 ||   134
Block: Tower shield      |       |       |       |       |   210 ||   210
